 Dungeon Crawl Stone Soup version 0.26.1-2-gb8aa6d0cf2 (webtiles) character file.

Game seed: 17085850698330855789

49972 RaHiT the Fighter (level 14, -19/99 HPs)
             Began as an Octopode Delver on Mar 21, 2021.
             Was the Champion of Cheibriados.
             Demolished by a stone giant (40 damage)
             ... on level 2 of the Orcish Mines on Mar 23, 2021.
             The game lasted 03:07:17 (18643 turns).

RaHiT the Fighter (Octopode Delver)                Turns: 18643, Time: 03:07:18

Health: -19/99     AC:  1    Str: 27    XL:     14   Next: 53%
Magic:  15/21      EV: 30    Int: 31    God:    Cheibriados [******]
Gold:   1622       SH:  0    Dex: 35    Spells: 14/23 levels left

rFire    . . .     SeeInvis .     - Unarmed
rCold    . . .     Faith    .   (no shield)
rNeg     . . .     Spirit   .   (helmet currently unavailable)
rPois    .         Reflect  .   I - amulet of the acrobat
rElec    .         Harm     .   c - +6 ring of dexterity
rCorr    .         Rampage  .   i - ring of willpower
Will     +++..                  E - ring of willpower
Stlth    +++++++...             F - +4 ring of evasion
HPRegen  0.26/turn              (no ring)
MPRegen  0.17/turn              (no ring)
                                (no ring)
                                (no ring)

@: appendages, studying 2 skills, very slow
A: almost no armour, stealthy swim, amphibious, 8 rings, constrict 8, tentacle
spike 3, camouflage 1, gelatinous body 1
a: End Transformation, Renounce Religion, Bend Time, Temporal Distortion,
Slouch, Step From Time


You were on level 2 of the Orcish Mines.
You worshipped Cheibriados.
Cheibriados was exalted by your worship.
One of your tentacles had a temporary spike.
You visited 4 branches of the dungeon, and saw 18 of its levels.
You visited 1 bazaar.
You also visited: Sewer and Bailey.

You collected 1622 gold pieces.

Inventory:

Hand Weapons
 y - the +3 dagger of Teidoink {elec, Will+}
   (You found it on level 2 of the Lair of Beasts)

   Occasionally, upon striking a foe, it can discharge electrical energy and
   cause terrible harm.
   It affects your willpower, your defense against some magical effects.
 R - a +5 hand crossbow of freezing
Missiles
 f - 422 stones (quivered)
 j - 212 bolts
 o - 3 throwing nets
 p - 13 atropa-tipped darts
 r - 41 arrows
 u - 37 javelins
 w - 17 poisoned darts
 P - 4 curare-tipped darts
Armour
 l - a +2 kite shield
Jewellery
 c - a +6 ring of dexterity (left tentacle)
 i - a ring of willpower (right tentacle)
 E - a ring of willpower (on tentacle)
 F - a +4 ring of evasion (on tentacle)
 I - an amulet of the acrobat (around mantle)
Wands
 e - a wand of digging (9)
 g - a wand of disintegration (12)
 q - a wand of flame (1)
 t - a wand of polymorph (15)
 v - a wand of acid (31)
 L - a wand of paralysis (36)
 U - a wand of iceblast (18)
Scrolls
 a - a scroll of fog
 m - 6 scrolls of enchant armour
 n - 6 scrolls of remove curse
 s - a scroll of amnesia
 A - a scroll of silence
 B - 7 scrolls of teleportation
 C - a scroll of magic mapping
 D - 2 scrolls of holy word
 J - a scroll of torment
 K - 2 scrolls of blinking
 Q - a scroll of summoning {unknown}
 V - a scroll of identify
 W - a scroll of vulnerability
 X - a scroll of noise
Potions
 d - 2 potions of haste
 h - 4 potions of invisibility
 k - 4 potions of attraction
 z - 2 potions of cancellation
 G - 6 potions of flight
 H - 5 potions of curing
 M - 4 potions of lignification
 O - a potion of resistance {unknown}
 S - a potion of might
 T - 2 potions of brilliance
Books
 x - a manual of Translocations
 N - a manual of Fighting
Miscellaneous
 b - a phantom mirror (inert)
 Y - a box of beasts (inert)


   Skills:
 - Level 10.0 Fighting
 * Level 9.9 Throwing
 - Level 10.0 Dodging
 - Level 10.0 Stealth
 - Level 10.0 Unarmed Combat
 + Level 5.0 Spellcasting
 - Level 3.0 Hexes
 - Level 6.0 Transmutations
 - Level 6.0 Earth Magic
 - Level 9.0 Invocations
 - Level 10.0 Evocations


You had 14 spell levels left.
You knew the following spells:

 Your Spells              Type           Power        Failure   Level
a - Confusing Touch       Hex            26%          4%          3
b - Corona                Hex            28%          1%          1
c - Petrify               Tmut/Erth      44%          4%          4
d - Beastly Appendage     Tmut           88%          1%          1

Your spell library contained the following spells:

 Spells                   Type           Power        Failure   Level
 Sandblast                Erth           88%          1%          1
 Sting                    Tmut/Pois      100%         1%          1
 Passwall                 Tmut/Erth      36%          1%          2
 Wereblood                Tmut           44%          1%          2
 Slow                     Hex            26%          2%          2
 Ensorcelled Hibernation  Hex/Ice        34%          4%          2
 Spider Form              Tmut/Pois      13%          4%          3
 Stone Arrow              Conj/Erth      52%          4%          3
 Tukima's Dance           Hex            26%          4%          3
 Ignite Poison            Fire/Tmut/Pois 20%          7%          3
 Poisonous Vapours        Pois/Air       14%          9%          2
 Dazzling Flash           Conj/Hex       34%          9%          3
 Inner Flame              Hex/Fire       17%          9%          3
 Portal Projectile        Hex/Tloc       34%          9%          3
 Leda's Liquefaction      Hex/Erth       17%          9%          4
 Blade Hands              Tmut           22%          13%         5
 Lee's Rapid Deconstruct  Erth           22%          13%         5
 Gell's Gravitas          Tloc           3%           16%         3
 Mephitic Cloud           Conj/Pois/Air  7%           16%         3
 Cause Fear               Hex            13%          16%         4
 Ice Form                 Ice/Tmut       26%          16%         4
 Yara's Violent Unravell  Hex/Tmut       17%          24%         5
 Borgnjor's Vile Clutch   Necr/Erth      13%          41%         5
 Olgreb's Toxic Radiance  Pois           7%           47%         4
 Metabolic Englaciation   Hex/Ice        8%           63%         5
 Silence                  Hex/Air        8%           63%         5
 Shadow Creatures         Summ           N/A          100%        6


Dungeon Overview and Level Annotations

Branches:
Dungeon (11/15)            Temple (1/1) D:6            Lair (4/6) D:11
  Swamp (0/4) Lair:2       Spider (0/4) Lair:4          Orc (2/2) D:11
  Sewer (visited)          Bailey (visited)
    Elf: Orc:2

Altars:
Ashenzari
Cheibriados
Dithmenos
Elyvilon
Fedhas
Gozag
Hepliaklqana
Kikubaaqudgha
Makhleb
Nemelex Xobeh
Okawaru
Qazlal
Ru
Sif Muna
Trog
Uskayaw
Vehumet
Wu Jian
Xom
Yredelemnul
Zin
The Shining One

Shops:
D:4 *   D:8 :   D:9 (   Orc:2 ([([*=

Annotations:
D:9 2 runed translucent doors, Sumakker's ghost, novice MiBe
Lair:4 exclusion: 3 oklob plants


Innate Abilities, Weirdness & Mutations

You cannot wear most types of armour.
You are very stealthy in the water. (Stealth+)
You are amphibious.
You can wear up to eight rings at the same time.
You can use your tentacles to constrict eight enemies at once.
Your skin changes colour to match your surroundings (Stealth+).
Your rubbery body absorbs attacks. (AC +1, EV +1)
One of your tentacles bears a large vicious spike.


Message History

You pierce the stone giant, but do no damage.
You squeeze the stone giant, but do no damage.
The stone giant is heavily wounded.
The stone giant misses you.
Your stone giant hits the stone giant!
The cyclops throws a large rock.
The large rock closely misses you.
You tentacle-slap the stone giant but do no damage.
You pierce the stone giant, but do no damage.
You squeeze the stone giant, but do no damage.
The stone giant is severely wounded.
Your tentacles stop glowing.
Your stone giant shimmers and vanishes!
The stone giant completely misses you. The cyclops misses you.
You tentacle-slap the stone giant.
You pierce the stone giant!
You tentacle-slap the stone giant.
The stone giant is severely wounded.
The stone giant completely misses you.
You can feel time thicken for a moment.
The cyclops hits you!!
* * * LOW HITPOINT WARNING * * *
The cyclops completely misses you. The stone giant hits you!!!
You die...

.........P...P......
........##P..........#
.........##..........##
........###.....#.....#
.........###....#....#
...........##....#..####
............#(#.#....P.P
...........#(..##C......
............#(.(@C......
............#...CP(.8...
.............(.....P.(....P.#
#........##.#.........∩P....#
.........######...P......P..# ##
..........## ##..P.........##.##
.....##....###
#.#P..P.P........#
.....##....#.##..........PP....#
....#.........#..##..........#


You could see a stone giant and 2 cyclopes.

Vanquished Creatures
  3 ettins (Orc:2)
  Harold (D:7)
  6 hydras
  A centaur warrior (D:10)
  Erica (D:8)
  3 two-headed ogres
  An ogre mage (D:10)
  Urug (Lair:3)
  2 unseen horrors (D:10)
  Pikel (D:6)
  An orc knight (Orc:2)
  The ghost of lysyklops the Covert, a novice OpCj of Vehumet (D:7)
  An ugly thing (D:8)
  8 cyclopes
  An orc sorcerer (Orc:2)
  A deep elf mage (D:10)
  An oklob plant (Lair:3)
  13 elephants
  Psyche (D:10)
  3 black mambas
  Joseph (D:9)
  A centaur zombie (D:11)
  2 rime drakes (Lair:2)
  6 cane toads
  2 torpor snails (Lair:4)
  A kobold demonologist (D:10)
  6 komodo dragons
  A queen bee (shapeshifter) (D:10)
  2 polar bears
  2 slime creatures (D:11)
  5 blink frogs (Lair:3)
  2 dream sheep (Lair:4)
  A wraith (D:10)
  35 yaks
  3 wyverns
  Sigmund (D:3)
  A vampire (D:11)
  3 basilisks
  The ghost of H0rd4k the Charlatan, an amateur HuAr (D:3)
  Menkaure (D:7)
  A warg (Orc:2)
  7 water moccasins
  3 sky beasts
  16 orc warriors
  A necrophage (D:8)
  3 ice beasts
  3 phantoms
  3 black bears (D:11)
  A hornet zombie (D:7)
  13 ogres
  16 centaurs
  8 wolves (Lair:3)
  2 lemures (D:6)
  Blork the orc (D:5)
  4 big kobolds
  19 bullfrogs
  2 gnoll sergeants
  A wyvern zombie (D:10)
  A wyvern skeleton (D:10)
  5 scorpions
  8 killer bees (D:11)
  5 howler monkeys
  3 electric eels (Lair:3)
  A spectral centaur (D:7)
  A bullfrog zombie (D:9)
  11 hounds
  A quasit (D:10)
  10 jellies
  3 centaur skeletons
  9 orc priests
  12 orc wizards
  Crazy Yiuf (D:2)
  A bullfrog skeleton (D:7)
  7 hell rats (Lair:2)
  Natasha (thrice) (D:3)
  An iguana (D:7)
  13 worker ants
  A hound zombie (D:7)
  2 worker ant zombies (D:10)
  22 gnolls
  17 adders
  A howler monkey skeleton (D:4)
  3 river rats (D:6)
  3 white imps
  2 ufetubi (D:5)
  16 oozes
  An adder zombie (D:7)
  9 worms
  8 leopard geckos
  90 orcs
  6 giant cockroaches
  18 goblins
  11 hobgoblins
  7 jackals
  32 kobolds
  5 quokkas
  2 ball pythons
  18 bats
  9 frilled lizards
  10 rats
  3 fungi (Lair:3)
624 creatures vanquished.

Vanquished Creatures (others)
  78 fungi
  83 plants
  4 toadstools (D:1)
165 creatures vanquished.

Grand Total: 789 creatures vanquished

Notes
Turn   | Place    | Note
-------+----------+-------------------------------------------
     0 | D:5      | RaHiT the Octopode Delver began the quest for the Orb.
     0 | D:5      | Reached XP level 1. HP: 16/16 MP: 1/1
   103 | D:5      | Reached XP level 2. HP: 14/21 MP: 2/2
   123 | D:5      | Noticed a phantom
   252 | D:2      | Found a runed translucent door.
   340 | D:2      | Reached skill level 1 in Spellcasting
   340 | D:2      | Reached XP level 3. HP: 5/26 MP: 2/4
   630 | D:1      | Reached XP level 4. HP: 20/31 MP: 5/5
  1829 | D:2      | You fall into a shaft and drop 2 floors!
  1891 | D:4      | Reached XP level 5. HP: 24/36 MP: 6/6
  1976 | D:3      | Reached skill level 1 in Throwing
  2344 | D:3      | Reached skill level 1 in Evocations
  2357 | D:3      | Noticed an ogre
  2441 | D:3      | Noticed Sigmund
  2527 | D:3      | Noticed Natasha
  2538 | D:3      | Killed Natasha
  2648 | D:3      | Reached XP level 6. HP: 38/42 MP: 7/7
  2788 | D:3      | Learned a level 3 spell: Confusing Touch
  2842 | D:3      | Identified the cursed +1 trident of the Nine Xalams {pain,
                  | Int+3}
  2842 | D:3      | Identified the +5 ring mail of the Garden {+Fly rElec rC-
                  | Int+5}
  3302 | D:4      | Learned a level 1 spell: Corona
  3845 | D:4      | Found Ucuf's General Store.
  4095 | D:5      | Noticed a phantom
  4156 | D:5      | Killed a phantom
  4157 | D:5      | Reached XP level 7. HP: 32/46 MP: 8/10
  4501 | D:5      | Found a hide-covered altar of Uskayaw.
  4662 | D:5      | Reached skill level 5 in Unarmed Combat
  4923 | D:5      | Noticed Blork the orc
  4932 | D:5      | Killed Blork the orc
  5105 | D:5      | HP: 3/72 [phantom (5)]
  5109 | D:5      | Reached XP level 8. HP: 13/54 MP: 11/11
  5376 | D:5      | Found a shadowy altar of Dithmenos.
  5525 | D:3      | Noticed Natasha
  5531 | D:3      | Killed Natasha
  5546 | D:3      | Noticed Natasha
  5551 | D:3      | Killed Natasha
  5552 | D:3      | Reached skill level 5 in Fighting
  5595 | D:3      | Killed Sigmund
  5688 | D:3      | Found a transporter.
  5690 | D:3      | Found a transporter.
  5697 | D:3      | Noticed H0rd4k's ghost (amateur HuAr)
  5763 | D:3      | Reached skill level 5 in Dodging
  5888 | D:3      | HP: 1/55 [H0rd4k's ghost (7)]
  5890 | D:3      | Killed H0rd4k's ghost
  6361 | D:2      | Noticed Crazy Yiuf
  6375 | D:2      | Killed Crazy Yiuf
  6510 | D:6      | Found a glowing drain.
  6518 | Sewer    | Entered a sewer
  6991 | D:6      | Found a staircase to the Ecumenical Temple.
  7007 | Temple   | Entered the Ecumenical Temple
  7197 | Temple   | Became a worshipper of Cheibriados the Contemplative
  7372 | D:6      | Found a hazy altar of Hepliaklqana.
  7405 | D:6      | Noticed Pikel
  7473 | D:6      | Reached skill level 5 in Evocations
  7473 | D:6      | Reached XP level 9. HP: 37/61 MP: 13/13
  7619 | D:6      | Found a burning altar of Makhleb.
  7719 | D:6      | Killed Pikel
  7720 | D:6      | Reached skill level 5 in Throwing
  8026 | D:7      | Reached * piety under Cheibriados
  8067 | D:7      | Noticed Menkaure
  8111 | D:7      | Found an ancient bone altar of Kikubaaqudgha.
  8111 | D:7      | Noticed Harold
  8132 | D:7      | Killed Harold
  8135 | D:7      | Reached XP level 10. HP: 6/71 MP: 14/14
  8544 | D:7      | Found a runed translucent gate.
  8544 | D:7      | Found a runed translucent gate.
  8544 | D:7      | Found a runed translucent gate.
  8557 | D:7      | Noticed lysyklops's ghost (novice OpCj)
  8683 | D:7      | Reached ** piety under Cheibriados
  8793 | D:7      | Killed Menkaure
  9313 | D:7      | Killed lysyklops's ghost
  9327 | D:7      | Reached skill level 1 in Invocations
  9385 | D:8      | Found a flagged portal.
  9417 | Bailey   | Entered a bailey
  9473 | Bailey   | Reached *** piety under Cheibriados
  9944 | Bailey   | Reached skill level 5 in Invocations
 10369 | Bailey   | HP: 3/71 [orc warrior/cursed -2 glaive (11)]
 10371 | Bailey   | Reached **** piety under Cheibriados
 10609 | D:8      | Found a stormy altar of Qazlal.
 10611 | D:8      | Found a blossoming altar of Fedhas.
 10625 | D:8      | Reached XP level 11. HP: 71/75 MP: 16/16
 10838 | D:8      | Found Relatt's Book Shoppe.
 10861 | D:8      | Noticed a white ugly thing
 10871 | D:8      | Killed a white ugly thing
 11177 | D:8      | Noticed Erica
 11211 | D:8      | Killed Erica
 11341 | D:9      | Noticed a two-headed ogre
 11350 | D:9      | Killed a two-headed ogre
 11402 | D:9      | Reached ***** piety under Cheibriados
 11435 | D:9      | Found Sium's Weapon Shop.
 11445 | D:9      | Found a burning altar of Makhleb.
 11561 | D:9      | Noticed Joseph
 11573 | D:9      | Killed Joseph
 11617 | D:9      | Found a large runed translucent door.
 11618 | D:9      | Found a large runed translucent door.
 11625 | D:9      | Noticed Sumakker's ghost (novice MiBe)
 11729 | D:9      | Reached skill level 10 in Fighting
 11983 | D:10     | Entered Level 10 of the Dungeon
 12097 | D:10     | Noticed Psyche
 12106 | D:10     | Killed Psyche
 12348 | D:10     | Found a basalt altar of Yredelemnul.
 12349 | D:10     | Found an ancient bone altar of Kikubaaqudgha.
 12399 | D:10     | Killed an unseen horror
 12403 | D:10     | Noticed a two-headed ogre
 12464 | D:10     | Found a glowing silver altar of Zin.
 12483 | D:10     | Noticed a two-headed ogre
 12656 | D:10     | Noticed an ogre mage
 12691 | D:10     | Killed an ogre mage
 12692 | D:10     | Reached XP level 12. HP: 87/87 MP: 18/18
 12793 | D:10     | Found a hide-covered altar of Uskayaw.
 12876 | D:10     | Killed a two-headed ogre
 12877 | D:10     | Reached skill level 1 in Hexes
 12981 | D:10     | Got a coiled ruby amulet
 12992 | D:10     | Identified the amulet "Wofojus" {Inacc *Corrode Int+6} (You
                  | found it on level 10 of the Dungeon)
 13020 | D:10     | Learned a level 4 spell: Petrify
 13126 | D:10     | Reached skill level 5 in Spellcasting
 13132 | D:10     | Noticed a centaur warrior
 13140 | D:10     | Killed a centaur warrior
 13141 | D:10     | Reached skill level 1 in Transmutations
 13142 | D:10     | Reached skill level 1 in Earth Magic
 13259 | D:11     | Found a flickering gateway to a bazaar.
 13268 | Bazaar   | Entered a bazaar
 13268 | Bazaar   | Found Pitsomni's Antique Armour Shoppe.
 13268 | Bazaar   | Found Fycaucle's Antique Armour Emporium.
 13268 | Bazaar   | Found Geolopoq's Antique Armour Emporium.
 13268 | Bazaar   | Found Reinenef's Gadget Shoppe.
 13451 | D:11     | Reached ****** piety under Cheibriados
 13480 | D:11     | Reached skill level 10 in Stealth
 13544 | D:11     | HP: 3/87 [slime creature (17)]
 13547 | D:11     | Found a staircase to the Lair.
 13850 | D:11     | Reached skill level 10 in Unarmed Combat
 13996 | D:11     | Noticed a two-headed ogre
 14006 | D:11     | Killed a two-headed ogre
 14055 | D:11     | Found a staircase to the Orcish Mines.
 14475 | Lair:1   | Entered Level 1 of the Lair of Beasts
 14493 | Lair:1   | Found a radiant altar of Vehumet.
 14601 | Lair:1   | Reached XP level 13. HP: 78/92 MP: 20/20
 15243 | Lair:1   | Learned a level 1 spell: Beastly Appendage
 15644 | Lair:2   | Reached skill level 5 in Transmutations
 15644 | Lair:2   | Reached skill level 5 in Earth Magic
 15689 | Lair:2   | Got a warped dagger
 15690 | Lair:2   | Identified the +3 dagger of Teidoink {elec, Will+} (You
                  | found it on level 2 of the Lair of Beasts)
 15821 | Lair:2   | Reached skill level 10 in Dodging
 15932 | Lair:2   | Found a staircase to the Swamp.
 16149 | Lair:3   | Noticed Urug
 16157 | Lair:3   | Killed Urug
 16726 | Lair:3   | Reached skill level 10 in Evocations
 16870 | Lair:3   | Reached XP level 14. HP: 99/99 MP: 21/21
 17018 | Lair:4   | Found a hole to the Spider Nest.
 17896 | Orc:1    | Entered Level 1 of the Orcish Mines
 17994 | Orc:2    | Entered Level 2 of the Orcish Mines
 17996 | Orc:2    | Found Bokyly's Jewellery Shop.
 18213 | Orc:2    | Found Uhoron's Antique Armour Shoppe.
 18264 | Orc:2    | Found Foniz's General Store.
 18265 | Orc:2    | Noticed a stone giant
 18313 | Orc:2    | Found Pioleegg's Antique Armour Shoppe.
 18330 | Orc:2    | Found Kuec's Weapon Shop.
 18428 | Orc:2    | Found Nithups's Antique Weapon Shop.
 18643 | Orc:2    | Demolished by a stone giant

Illustrated notes

Levels and vault maps discovered:
D:1:      ldierk_walled_garden_2, layout_basic
D:2:      layout_loops_corners, serial_forest, infiniplex_forest_straight_3,
          infiniplex_forest_end_1, infiniplex_forest_lined_3,
          infiniplex_forest_end_1, infiniplex_forest_straight_1,
          infiniplex_forest_straight_2, infiniplex_forest_lined_room_,
          infiniplex_forest_3_way, uniq_crazy_yiuf_cottage
D:3:      corexii_shack_village, layout_loops_ring,
          gammafunk_ghost_gnarly_gnolls, uniq_sigmund, uniq_natasha
D:4:      layout_rooms, serial_shops, shop
D:5:      layout_loops_corners, nicolae_overflow_hidden_temple, basic_altar,
          uniq_blork_the_orc
D:6:      layout_gridville, marbit_many_paths, kennysheep_little_box,
          minmay_temple_entry_tees, lightli_sewer_entry_pipes, uniq_pikel
D:7:      layout_basic, lemuel_crystal_altar, gammafunk_ghost_necromancy,
          uniq_harold, uniq_menkaure
D:8:      wad_arrow_thing, layout_rooms, grunt_temple_overflow_forces_of_nature,
          enter_bailey_5, serial_shops, shop, uniq_erica
D:9:      layout_roguey, basic_altar, ebering_ghost_disaster_area,
          kennysheep_windowed_goal, uniq_joseph
D:10:     minmay_the_grid_octo_tiled_squarecenter [minmay_the_grid_octo_shrine,
          minmay_the_grid_octo_focus, minmay_the_grid_octo_77,
          minmay_the_grid_octo_pinwheel,
          minmay_the_grid_square_5x5_megaprize_diamond,
          minmay_the_grid_square_5x5_spiral_small,
          minmay_the_grid_square_5x5_fat_x, minmay_the_grid_square_5x5_six,
          minmay_the_grid_square_5x5_shrine1], layout_basic, uniq_psyche
D:11:     layout_cave_pools, due_lair_maze_entry_diamond, hiddenorc2_lemuel,
          serial_shops, bzr_entry_customers, serial_rivers,
          chequers_serial_rivers_small_3, chequers_serial_rivers_room_b,
          chequers_serial_rivers_marsh, chequers_serial_rivers_micro_c,
          chequers_serial_rivers_micro_a, chequers_serial_rivers_room_b
Temple:   eino_temple_rhombus
Lair:1:   layout_long_grid, basic_altar
Lair:2:   layout_chaotic_city, minmay_swamp_entry_worms
Lair:3:   lemuel_slime, layout_misc_corridors, disabler_island,
          grunt_megastairs_4, uniq_urug
Lair:4:   layout_cave_pods, dummy_spider_entry, minmay_lair_oklob_chamber
Orc:1:    layout_caves, ebering_ghost_inner_flame, serial_shops
Orc:2:    grunt_orc_gardens, layout_caves, grunt_orc_garden, grunt_orc_garden,
          grunt_orc_garden, grunt_orc_garden, serial_shops, shop,
          nicolae_shop_stone, kennysheep_orc_chapel

Skill      XL: |  1  2  3  4  5  6  7  8  9 10 11 12 13 14 |
---------------+-------------------------------------------+-----
Stealth        | 7 8 10 | 10.0
Spellcasting   | 1 2 3 4 5 |  5.0
Dodging        | 3 4 5 6 7 8 10 | 10.0
Throwing       | 1 2 3 4 5 7 9 |  9.9
Unarmed Combat | 3 4 5 7 8 10 | 10.0
Evocations     | 1 5 10 | 10.0
Fighting       | 4 5 7 10 | 10.0
Invocations    | 7 9 |  9.0
Hexes          | 3 |  3.0
Transmutations | 3 5 6 |  6.0
Earth Magic    | 3 5 6 |  6.0

Action                   |  1- 3 |  4- 6 |  7- 9 | 10-12 | 13-15 || total
-------------------------+-------+-------+-------+-------+-------++-------
Melee: Unarmed           |    49 |   244 |   198 |   607 |   365 ||  1463
       Tentacles         |     6 |    42 |    51 |   257 |   174 ||   530
       Constrict         |     9 |    60 |    56 |   137 |    37 ||   299
       Punch             |     1 |     3 |    11 |    83 |    75 ||   173
       Dagger            |       |     9 |    53 |     8 |    13 ||    83
       Kick              |       |       |       |       |   230 ||   230
 Fire: Hand crossbow     |       |       |       |       |    37 ||    37
Throw: Stone             |       |    43 |    15 |   116 |    73 ||   247
       Dart              |       |       |    30 |    85 |    19 ||   134
       Boomerang         |       |       |     3 |    52 |     3 ||    58
       Javelin           |       |       |    10 |    10 |     7 ||    27
       Throwing net      |       |       |     1 |       |       ||     1
 Cast: Corona            |       |       |       |     9 |       ||     9
       Confusing Touch   |       |       |       |     3 |     6 ||     9
       Petrify           |       |       |       |     1 |    16 ||    17
       Beastly Appendage |       |       |       |       |    44 ||    44
Invok: Slouch            |       |       |       |     6 |     5 ||    11
       Temporal Distorti |       |       |       |     1 |     1 ||     2
Evoke: Wand              |       |       |     2 |       |    14 ||    16
       Box of beasts     |       |       |       |       |     1 ||     1
       Phantom mirror    |       |       |       |       |     1 ||     1
  Use: Potion            |       |     1 |     9 |     5 |       ||    15
       Scroll            |       |       |    13 |    16 |    10 ||    39
 Stab: Sleeping          |     7 |    31 |    18 |    17 |     8 ||    81
       Invisible         |       |       |     2 |     2 |       ||     4
       Distracted        |       |       |       |     7 |     3 ||    10
       Confused          |       |       |       |     1 |     4 ||     5
       Petrified         |       |       |       |       |    14 ||    14
       Petrifying        |       |       |       |       |     3 ||     3
       Paralysed         |       |       |       |       |     3 ||     3
Armor: Skin              |     3 |     9 |    49 |     6 |     2 ||    69
Dodge: Dodged            |    24 |   115 |   193 |   706 |   308 ||  1346
